 Dungeon Crawl Stone Soup version 0.22-a0-284-g99d1f74 (webtiles) character file.

7 4thArraOfDagon the Slasher (level 2, 0/22 HPs)
             Began as a Formicid Warper on Mar 20, 2018.
             Slain by a hobgoblin
             ... wielding a +0 club
              (2 damage)
             ... on level 1 of the Dungeon.
             The game lasted 00:00:30 (98 turns).

4thArraOfDagon the Slasher (Formicid Warper)          Turns: 98, Time: 00:00:31

Health: 0/22       AC:  3    Str: 15    XL:     2   Next: 10%
Magic:  5/5        EV: 11    Int: 12    God:
Gold:   0          SH:  0    Dex: 10    Spells: 5/5 levels left

rFire    . . .     SeeInvis +   a - +0 falchion
rCold    . . .     Gourm    .   (no shield)
rNeg     . . .     Faith    .   b - +0 leather armour
rPois    .         Spirit   .   (helmet unavailable)
rElec    .         Reflect  .   (no cloak)
rCorr    .         Harm     .   (no gloves)
MR       .....                  (no boots)
Stlth    +.........             (no amulet)
HPRegen  0.07/turn              (no ring)
MPRegen  0.09/turn              (no ring)

@: no status effects
A: permanent stasis, dig shafts and tunnels, four strong arms, antennae 3
a: Dig, Shaft Self


You were on level 1 of the Dungeon.
You were not hungry.

You visited 1 branch of the dungeon, and saw 1 of its levels.

Inventory:

Hand Weapons
 a - a +0 falchion (weapon)
 c - a +1 dagger of freezing
Missiles
 e - 5 tomahawks of dispersal (quivered)
Armour
 b - a +0 leather armour (worn)
Scrolls
 d - a scroll of blinking
 g - a scroll of immolation {unknown}
Comestibles
 f - a ration


   Skills:
 - Level 2.1 Fighting
 * Level 2.7 Long Blades
 - Level 1.0 Throwing
 - Level 1.1 Armour
 - Level 1.7 Dodging
 - Level 2.1 Spellcasting
   Level 2.6 Translocations


You had 5 spell levels left.
You didn't know any spells.

Dungeon Overview and Level Annotations

Branches:
Dungeon (1/15)

Altars:


Innate Abilities, Weirdness & Mutations

You cannot be hasted, slowed, berserked, paralysed or teleported.
You can dig through walls and to a lower floor.
Your four strong arms can wield two-handed weapons with a shield.
You have a pair of large antennae on your head. (SInv)


Message History

You hit the bat.
The bat is moderately wounded.
The bat barely misses you.
You riposte.
You barely miss the bat.
The bat is moderately wounded.
The bat barely misses you. The bat hits you but does no damage.
You hit the bat.
You kill the bat!
You barely miss the hobgoblin. The hobgoblin hits you with a club.
* * * LOW HITPOINT WARNING * * *
The hobgoblin barely misses you.
You barely miss the hobgoblin.
The hobgoblin hits you but does no damage.
Unknown command.
You aren't carrying any potions.
You closely miss the hobgoblin. The hobgoblin barely misses you.
You riposte.
You hit the hobgoblin but do no damage. You closely miss the hobgoblin.
The hobgoblin closely misses you.
Unknown command.
You barely miss the hobgoblin. The hobgoblin hits you with a club.
You die...

#.#.##.#
#......#
###.#### #.#
######.# #
#......#
.###.####.######
..........#
######@### {
##g## #...#
#...# #...######
#........#
#...####.#
.............#
.{..........g#


You could see a hobgoblin.

Vanquished Creatures
  A leopard gecko (D:1)
  A goblin (D:1)
  2 hobgoblins (D:1)
  A bat (D:1)
  A kobold (D:1)
6 creatures vanquished.

Notes
Turn   | Place    | Note
-------+----------+-------------------------------------------
     0 | D:1      | 4thArraOfDagon the Formicid Warper began the quest for the Orb.
     0 | D:1      | Reached XP level 1. HP: 16/16 MP: 3/3
     6 | D:1      | Noticed a water moccasin
     6 | D:1      | Noticed a polar bear
     6 | D:1      | Noticed a worker ant
     6 | D:1      | Noticed a hog
     6 | D:1      | Noticed a swamp worm
    89 | D:1      | Reached XP level 2. HP: 6/22 MP: 5/5
    94 | D:1      | HP: 1/22 [hobgoblin/club (4)]
    98 | D:1      | Slain by a hobgoblin

Vault maps used:
D:1:      onia_arrival_zoo_common

Action                   || total
-------------------------++-------
Melee: Falchion          ||    19
Armor: Leather armour    ||     4
Dodge: Dodged            ||    12
       Rpst.: Falchion   ||     6

Table legend:
 A = Spawn XP
 B = Non-spawn XP
 C = Spawn XP percentage of total XP
 D = Spawn monster count
 E = Non-spawn monster count
 F = Spawn count percentage of total count
 G = Total turns spent on level
                    A         B        C        D         E        F      G
               +---------+---------+-------+---------+---------+-------+---------
         Total |       0 |      11 |   0.0 |       0 |       6 |   0.0 |    98
               +---------+---------+-------+---------+---------+-------+---------
           D:1 |       0 |      11 |   0.0 |       0 |       6 |   0.0 |    98
               +---------+---------+-------+---------+---------+-------+---------
